[Event "Titled Tuesday Blitz June 28 Late 2022"]
[White "Dardha, Daniel"]
[Black "Bluebaum, Matthias"]
[WhiteFideId "240990"]
[BlackFideId "24651516"]
[WhiteElo "2482"]
[BlackElo "2556"]
[Result "0-1"]
[Round "09"]
[TimeControl "180+1"]
[Date "2022.06.28"]
[WhiteClock "0:00:02"]
[BlackClock "0:00:08"]

1. e4 c6 2. Nf3 d5 3. d3 dxe4 4. dxe4 Qxd1+ 5. Kxd1 Nf6 6. Nfd2 g5 7. a4 g4 8. Nc3 h5 9. h3 gxh3 10. gxh3 Bh6 11. Nc4 Bxc1 12. Kxc1 Be6 13. Rg1 Nbd7 14. Kd2 O-O-O 15. Ke3 Rhg8 16. Rxg8 Rxg8 17. f3 Rg1 18. Kf2 Rxf1+ 19. Rxf1 Bxc4 20. Rg1 e5 21. Nd1 Be6 22. h4 Nf8 23. Ne3 Ng6 24. Ng2 a5 25. Kg3 Kc7 26. Rd1 Nd7 27. Ne3 Nf4 28. Ng2 Nxg2 29. Kxg2 Nf8 30. Kf2 Ng6 31. Rg1 Nxh4 32. Rg5 Ng6 33. Rxh5 Kd6 34. Ke3 b6 35. Rg5 Nf8 36. Rg8 Nd7 37. Rd8 Kc5 38. Rc8 Kd6 39. Rd8 Kc7 40. Rh8 Nc5 41. b3 Nd7 42. Rh6 Kd6 43. Kd3 Nc5+ 44. Kc3 Kc7 45. Rh5 Nd7 46. Rh8 Kb7 47. Rh5 Ka6 48. Rh8 b5 49. Ra8+ Kb6 50. axb5 cxb5 51. Rd8 Nc5 52. Rb8+ Kc6 53. Ra8 Nb7 54. Ra6+ Kc5 55. Ra8 Kb6 56. Re8 Nd6 57. Rd8 b4+ 58. Kd3 Nb5 59. Rb8+ Kc6 60. Ra8 Nd4 61. f4 Kb6 62. f5 Bd7 63. Rf8 Bb5+ 64. Kd2 Bc6 65. Rxf7 Bxe4 66. f6 Bxc2 67. Re7 Bxb3 68. f7 Bxf7 69. Rxf7 Kc5 70. Kd3 a4 71. Ra7 a3 72. Rc7+ Kb5 73. Rb7+ Kc5 74. Rc7+ Nc6 75. Kc2 e4 76. Kb3 e3 77. Rh7 e2 78. Rh5+ Kd4 79. Rh1 Kd3 80. Rh3+ Kd2 81. Rh2 Kd1 82. Rh5 e1=Q 83. Rc5 Qe3+ 84. Ka4 Qxc5 85. Kb3 Qc2# 0-1


[Site "https://www.chess.com"]

[Event "Titled Tuesday Blitz June 28 Late 2022"]
[White "De La Colina, Nicolas"]
[Black "Martinez, Shawn"]
[WhiteFideId "30946921"]
[BlackFideId "2039770"]
[WhiteElo "2046"]
[BlackElo "2174"]
[Result "1-0"]
[Round "09"]
[TimeControl "180+1"]
[Date "2022.06.29"]
[WhiteClock "0:02:10"]
[BlackClock "0:01:19"]

1. e4 c5 2. c3 Nf6 3. e5 Nd5 4. Bc4 Nb6 5. Bb3 d5 6. exd6 Qxd6 7. Nf3 Bf5 8. d4 e6 9. Na3 Nc6 10. Nb5 Qb8 11. O-O a6 12. dxc5 Bxc5 13. Nbd4 Nxd4 14. Nxd4 Bxd4 15. Qxd4 O-O 16. Qxb6 Rd8 17. Bg5 Rd3 18. Rad1 Qe5 19. Be3 Rad8 20. Qxd8+ Rxd8 21. Rxd8# 1-0


[Site "https://www.chess.com"]

[Event "Titled Tuesday Blitz June 28 Late 2022"]
[White "De Souza, Cristiano Gomes"]
[Black "Petersson, Kjell"]
[WhiteFideId "2151758"]
[BlackFideId "1705148"]
[WhiteElo "2068"]
[BlackElo "2009"]
[Result "1-0"]
[Round "09"]
[TimeControl "180+1"]
[Date "2022.06.29"]
[WhiteClock "0:01:21"]
[BlackClock "0:00:50"]

1. d4 f5 2. c4 Nf6 3. f3 e6 4. Nc3 c5 5. d5 exd5 6. cxd5 d6 7. e4 g6 8. Bb5+ Bd7 9. Qa4 Bg7 10. Nge2 O-O 11. O-O Nh5 12. Nf4 Nxf4 13. Bxf4 Bxb5 14. Nxb5 Bxb2 15. Rab1 Be5 16. Bxe5 dxe5 17. d6 Na6 18. Qc4+ Kg7 19. Rfd1 Qd7 20. Qd5 Rfe8 21. Nc7 Nxc7 22. Qxb7 Rec8 23. dxc7 Qxc7 24. Rd7+ Qxd7 25. Qxd7+ Kh6 26. Rb7 Kg5 27. Qe7+ Kf4 28. Kf2 g5 29. g3# 1-0


[Site "https://www.chess.com"]

[Event "Titled Tuesday Blitz June 28 Late 2022"]
[White "Diaz, Fernando"]
[Black "Colpe, Malte"]
[WhiteFideId "3701255"]
[BlackFideId "24623075"]
[WhiteElo "1934"]
[BlackElo "2328"]
[Result "1-0"]
[Round "09"]
[TimeControl "180+1"]
[Date "2022.06.29"]
[WhiteClock "0:00:04"]
[BlackClock "0:00:02"]

1. e4 e5 2. Nf3 Nc6 3. Bc4 Nf6 4. Ng5 d5 5. exd5 Nd4 6. c3 b5 7. Bf1 Nxd5 8. d3 Ne6 9. Nf3 f6 10. d4 e4 11. Bxb5+ Bd7 12. Bxd7+ Qxd7 13. Nh4 Nef4 14. Bxf4 Nxf4 15. O-O g5 16. Re1 f5 17. Nxf5 Qxf5 18. Nd2 Bd6 19. Qa4+ Kf7 20. Nxe4 Rhe8 21. Qc6 Qg4 22. g3 Rad8 23. f3 Nh3+ 24. Kg2 Nf4+ 25. Kg1 Nh3+ 26. Kg2 Nf4+ 27. Kf2 Nh3+ 28. Ke2 Qf5 29. Kd2 Kg7 30. Rf1 g4 31. Rae1 gxf3 32. Nxd6 1-0


[Site "https://www.chess.com"]

[Event "Titled Tuesday Blitz June 28 Late 2022"]
[White "Diaz Rosas, Julio Cesar"]
[Black "Ahn, Hongjin"]
[WhiteFideId "5105099"]
[BlackFideId "13201492"]
[WhiteElo "2278"]
[BlackElo "1873"]
[Result "1-0"]
[Round "09"]
[TimeControl "180+1"]
[Date "2022.06.29"]
[WhiteClock "0:01:15"]
[BlackClock "0:00:45"]

1. e4 c5 2. Nf3 e6 3. d4 cxd4 4. Nxd4 a6 5. c4 Bb4+ 6. Nc3 Nc6 7. Nc2 Bc5 8. Be2 Nf6 9. O-O d6 10. a3 e5 11. Bg5 h6 12. Bxf6 Qxf6 13. Nd5 Qd8 14. Bg4 O-O 15. Bxc8 Rxc8 16. b4 Ba7 17. Nce3 Nd4 18. Rc1 Qg5 19. Kh1 g6 20. g3 Rce8 21. h4 Qd8 22. c5 dxc5 23. bxc5 f5 24. exf5 gxf5 25. f4 e4 26. Qxd4 1-0


[Site "https://www.chess.com"]

[Event "Titled Tuesday Blitz June 28 Late 2022"]
[White "Djokic, Mihailo"]
[Black "Mortazavi, Ali"]
[WhiteFideId "976440"]
[BlackFideId "401323"]
[WhiteElo "2255"]
[BlackElo "2339"]
[Result "1-0"]
[Round "09"]
[TimeControl "180+1"]
[Date "2022.06.28"]
[WhiteClock "0:00:07"]
[BlackClock "0:00:05"]

1. e4 c6 2. d4 d5 3. e5 Bf5 4. h4 c5 5. dxc5 Nc6 6. Nc3 Qa5 7. Bb5 O-O-O 8. Bxc6 bxc6 9. Qd4 e6 10. b4 Qc7 11. g4 Bxc2 12. Kd2 Be4 13. f3 f6 14. exf6 Nxf6 15. Ke2 Bg6 16. Bf4 e5 17. Bxe5 Re8 18. f4 Nxg4 19. Nf3 Bh5 20. Kd2 Qd7 21. Rae1 Nf6 22. Rhf1 Bg6 23. Bxf6 gxf6 24. Qxf6 Bg7 25. Qd6 Qxd6 26. cxd6 Kd7 27. Rg1 Rxe1 28. Nxe1 Kxd6 29. Ne2 Bh6 30. Nf3 Rf8 31. Ng5 a5 32. bxa5 c5 33. Nc3 Rb8 34. a6 Bg7 35. Nd1 Ra8 36. Re1 Kd7 37. Re6 c4 38. Nc3 d4 39. Nd5 c3+ 40. Kc1 Ra7 41. Nb6+ Kc7 42. Nd5+ Kd7 43. Re7+ Kd6 44. Rxa7 Kxd5 45. Rxg7 d3 46. Rxg6 d2+ 47. Kc2 hxg6 48. a7 d1=Q+ 49. Kxd1 Kc4 50. a8=Q Kd3 51. Qd5+ Ke3 52. Qe4+ Kf2 53. Qf3+ Kg1 54. Qxc3 Kh1 55. f5 gxf5 56. Qf3+ Kh2 57. Nh3 f4 58. Nxf4 Kg1 59. Qg2# 1-0


[Site "https://www.chess.com"]

[Event "Titled Tuesday Blitz June 28 Late 2022"]
[White "Flynn, Jacob"]
[Black "Romanchuk, Viktor"]
[WhiteFideId "2509393"]
[BlackFideId "14109271"]
[WhiteElo "1896"]
[BlackElo "2242"]
[Result "1-0"]
[Round "09"]
[TimeControl "180+1"]
[Date "2022.06.29"]
[WhiteClock "0:00:30"]
[BlackClock "0:00:12"]

1. d4 d5 2. c4 c6 3. Nf3 Nf6 4. Qc2 dxc4 5. Qxc4 Bf5 6. g3 e6 7. Bg2 Nbd7 8. O-O Be7 9. Nc3 O-O 10. Re1 Ne4 11. Nd2 Nb6 12. Qb3 Nxd2 13. Bxd2 Qxd4 14. Be3 Qc4 15. Qd1 Rfd8 16. Qc1 Bf6 17. h3 h6 18. g4 Bg6 19. Bf4 Rd7 20. Bf1 Rad8 21. e4 Qc5 22. Be3 Bd4 23. a4 Bxe3 24. Qxe3 Qxe3 25. Rxe3 Rd2 26. a5 Nd7 27. f4 f6 28. Bc4 Bf7 29. Na4 e5 30. Bxf7+ Kxf7 31. f5 Ke7 32. Rb3 Rb8 33. Rc1 Rd4 34. Nc5 Nxc5 35. Rxc5 Kd6 36. Rc2 Rxe4 37. Kf2 Ra4 38. Rd3+ Rd4 39. Rb3 Kc7 40. Rbc3 a6 41. Ke3 Rbd8 42. Rb3 R8d5 43. Ra3 Rd1 44. Rg2 Rh1 45. Ke2 Rb5 46. Rgg3 Rxb2+ 47. Kd3 Rbh2 48. Kc4 Rc1+ 49. Kb4 Rb2+ 50. Rab3 Rxb3+ 51. Kxb3 c5 52. h4 Rh1 53. g5 hxg5 54. hxg5 Rf1 55. gxf6 gxf6 56. Rg7+ Kc6 57. Re7 Rxf5 58. Re6+ Kb5 59. Rb6+ Kxa5 60. Rxb7 Rf4 61. Kc3 f5 62. Rb1 e4 63. Kc4 Ka4 64. Ra1# 1-0


[Site "https://www.chess.com"]

[Event "Titled Tuesday Blitz June 28 Late 2022"]
[White "Gallegos Diaz, Carlos Alberto"]
[Black "Sargsyan, Anna M."]
[WhiteFideId "3900886"]
[BlackFideId "13308130"]
[WhiteElo "2362"]
[BlackElo "2271"]
[Result "0-1"]
[Round "09"]
[TimeControl "180+1"]
[Date "2022.06.29"]
[WhiteClock "0:00:12"]
[BlackClock "0:00:15"]

1. e4 c6 2. Nf3 d5 3. d3 Bg4 4. Nbd2 g6 5. Be2 Bg7 6. O-O e6 7. Re1 Ne7 8. c3 O-O 9. h3 Bxf3 10. Nxf3 Nd7 11. Qc2 Qc7 12. Bf1 Rad8 13. Bg5 Rfe8 14. Bh4 h6 15. Bg3 Qb6 16. exd5 Nxd5 17. a3 Nc5 18. Rad1 a5 19. d4 Nd7 20. c4 Ne7 21. c5 Qa7 22. b4 Nf5 23. Bh2 Nf6 24. b5 Nd5 25. Ne5 Qa8 26. Nf3 Rc8 27. g4 Nfe7 28. b6 g5 29. Ne5 Rcd8 30. Bd3 Nf6 31. Nc4 Rxd4 32. Nd6 Rd8 33. Be5 Rd5 34. Bxf6 Bxf6 35. Bc4 Rxd1 36. Rxd1 a4 37. Kg2 Nd5 38. Bxd5 cxd5 39. Nb5 Qa5 40. Nc7 Qc3 41. Qe2 Qxc5 42. Nb5 Qxb6 43. Nd4 Bxd4 44. Rxd4 Qxd4 0-1


[Site "https://www.chess.com"]

[Event "Titled Tuesday Blitz June 28 Late 2022"]
[White "Goncalves, Davi Sulzbacher"]
[Black "Schekachikhin, Maksim"]
[WhiteFideId "2154510"]
[BlackFideId "24177830"]
[WhiteElo "2107"]
[BlackElo "2239"]
[Result "0-1"]
[Round "09"]
[TimeControl "180+1"]
[Date "2022.06.28"]
[WhiteClock "0:00:15"]
[BlackClock "0:00:30"]

1. d4 d5 2. c4 c6 3. Nf3 Nf6 4. Nc3 dxc4 5. a4 e6 6. e3 c5 7. Bxc4 Nc6 8. O-O Be7 9. dxc5 Qxd1 10. Rxd1 Bxc5 11. Nb5 Ke7 12. b3 Bd7 13. Bb2 a6 14. Nbd4 Rad8 15. Rac1 Nxd4 16. Nxd4 Bb4 17. Nc2 Bd6 18. Nd4 Rc8 19. f3 Rhd8 20. Kf2 h6 21. e4 Bc5 22. Ke2 Be8 23. e5 Nd7 24. f4 Nb6 25. Bxe6 Bxd4 26. Rxc8 Nxc8 27. Rxd4 Rxd4 28. Bxc8 Re4+ 29. Kd3 Bc6 30. g3 Re1 31. Bg4 g6 32. Ba3+ Ke8 33. Be2 Bd5 34. b4 Bc4+ 35. Kxc4 Rxe2 36. b5 axb5+ 37. axb5 Rxh2 38. Kd5 Kd7 39. Bd6 h5 40. Ke4 Rb2 41. f5 Rxb5 42. Ba3 Ra5 43. e6+ fxe6 44. Bb4 Rxf5 45. g4 hxg4 46. Bd2 g3 47. Be3 g2 48. Bg1 Rf1 49. Bh2 g1=Q 50. Bxg1 Rxg1 51. Kf3 b5 52. Kf2 Rc1 53. Ke3 b4 54. Kd2 Rc6 55. Kd3 b3 56. Kd4 b2 57. Kd3 b1=Q+ 58. Kd4 Qb4+ 59. Ke3 Rc3+ 60. Kd2 Qb2+ 61. Kd1 Rc1# 0-1


[Site "https://www.chess.com"]

[Event "Titled Tuesday Blitz June 28 Late 2022"]
[White "Hakobyan, Aram"]
[Black "Dubov, Daniil"]
[WhiteFideId "13306677"]
[BlackFideId "24126055"]
[WhiteElo "2557"]
[BlackElo "2791"]
[Result "1-0"]
[Round "09"]
[TimeControl "180+1"]
[Date "2022.06.28"]
[WhiteClock "0:01:12"]
[BlackClock "0:00:02"]

1. e4 e5 2. Nf3 Nc6 3. Bb5 a6 4. Ba4 Nf6 5. O-O Be7 6. Bxc6 dxc6 7. d3 Qd6 8. Nbd2 Be6 9. b3 Nd7 10. Bb2 O-O 11. a4 a5 12. Kh1 b6 13. Nc4 Bxc4 14. bxc4 Qe6 15. Qe2 Rfe8 16. Rg1 Rad8 17. g4 Kh8 18. Rg3 Bd6 19. Nh4 Nf8 20. Nf5 Ng6 21. Qf3 Be7 22. g5 f6 23. h4 fxg5 24. hxg5 Kg8 25. Rag1 Rf8 26. Rh3 Nf4 27. Qg4 Rf7 28. Rf3 Kh8 29. Nh6 gxh6 30. Qxe6 Nxe6 31. Rxf7 Bxg5 32. f4 Kg8 33. Rf6 exf4 34. Rxe6 Kf7 35. Rxc6 Rd7 36. Be5 f3 37. Rf1 Ke7 38. Rxf3 1-0


[Site "https://www.chess.com"]

[Event "Titled Tuesday Blitz June 28 Late 2022"]
[White "Hoffmann, Asa"]
[Black "Gurevich, Dmitry"]
[WhiteFideId "2001470"]
[BlackFideId "2000407"]
[WhiteElo "2117"]
[BlackElo "2506"]
[Result "0-1"]
[Round "09"]
[TimeControl "180+1"]
[Date "2022.06.29"]
[WhiteClock "0:00:15"]
[BlackClock "0:00:06"]

1. d4 Nf6 2. Bg5 c5 3. d5 d6 4. Nc3 g6 5. Qd2 h6 6. Bf4 g5 7. Bg3 Nh5 8. e4 Bg7 9. Be2 Nxg3 10. hxg3 a6 11. a4 Qb6 12. Ra2 Qb4 13. Nf3 Nd7 14. O-O Ne5 15. a5 Nxf3+ 16. gxf3 Bd7 17. Kg2 Bf6 18. Rd1 h5 19. Nb1 Qxd2 20. Nxd2 h4 21. Rh1 h3+ 22. Kf1 h2 23. g4 Be5 24. Nc4 Bf4 25. Bd3 Bb5 26. Ke2 Bxc4 27. Bxc4 Rb8 28. c3 f6 29. b3 Kf7 30. Raa1 b5 31. axb6 Rxb6 32. Ra4 Rhb8 33. Ra3 Be5 34. Kd3 a5 35. Ke2 a4 36. Rxa4 Rxb3 37. Bxb3 Rxb3 38. Ra2 Rxc3 39. Rd2 c4 40. Rdd1 Rb3 41. Rc1 Rb2+ 42. Kf1 c3 43. Kg2 Ke8 44. Rxh2 Bxh2 45. Kxh2 Rb3 46. Kg3 Kd7 47. Rc2 Kc7 48. f4 Kb6 49. fxg5 fxg5 50. f4 gxf4+ 51. Kxf4 Kc5 52. g5 Kd4 53. g6 Kd3 54. Rxc3+ Kxc3 55. Kf5 Kd4 56. g7 Rg3 57. Ke6 Kxe4 0-1


[Site "https://www.chess.com"]

[Event "Titled Tuesday Blitz June 28 Late 2022"]
[White "Hua, Lefong"]
[Black "Zhigalko, Sergei"]
[WhiteFideId "2602253"]
[BlackFideId "13502956"]
[WhiteElo "2610"]
[BlackElo "2662"]
[Result "1-0"]
[Round "09"]
[TimeControl "180+1"]
[Date "2022.06.28"]
[WhiteClock "0:00:08"]
[BlackClock "0:00:01"]

1. d4 Nf6 2. c4 e6 3. Nc3 Bb4 4. f3 d5 5. a3 Be7 6. e4 dxe4 7. fxe4 e5 8. d5 O-O 9. Nf3 Bg4 10. h3 Bxf3 11. Qxf3 Nbd7 12. Be2 Bc5 13. Bg5 Bd4 14. O-O-O Bxc3 15. bxc3 Qe7 16. Kb2 h6 17. Bh4 Qd6 18. Bd3 a5 19. Ka2 Nh7 20. Rb1 Nc5 21. Bc2 b6 22. g4 f6 23. Bf2 Ng5 24. Qe2 Nf7 25. h4 Nd7 26. Be3 Qe7 27. Rhg1 g5 28. Rh1 Kg7 29. Rh2 Rh8 30. Rbh1 Nd6 31. Qf1 Rag8 32. Qd3 Nb7 33. Qe2 Nd6 34. Bf2 Nc5 35. Bxc5 bxc5 36. Ba4 Rb8 37. Bb5 Qf7 38. a4 Qg6 39. Re1 Rbf8 40. Qf3 Rf7 41. Kb3 Rhf8 42. Rh3 Kg8 43. Kc2 Rg7 44. Kd3 h5 45. gxh5 Qh6 46. Rg1 Kf7 47. Rhg3 Rfg8 48. Bd7 Ke7 49. Be6 Rf8 50. hxg5 fxg5 51. Qe3 Rf4 52. Bf5 Nxf5 53. exf5 Kd6 54. Re1 Re7 55. Reg1 Rg7 56. Re1 Qf6 57. Kd2 Qxf5 58. Re2 g4 59. h6 Rh7 60. Rg1 Rxh6 61. Rge1 Rh3 62. Qxe5+ Qxe5 63. Rxe5 Rxc4 64. Re6+ Kd7 65. Re7+ Kc8 66. Re8+ Kb7 67. Rb1+ Ka7 68. Rbb8 Rh2+ 69. Kd3 1-0


[Site "https://www.chess.com"]

[Event "Titled Tuesday Blitz June 28 Late 2022"]
[White "Ipek, Egehan"]
[Black "Averjanov, Alexey"]
[WhiteFideId "44523793"]
[BlackFideId "14109867"]
[WhiteElo "1413"]
[BlackElo "2644"]
[Result "0-1"]
[Round "09"]
[TimeControl "180+1"]
[Date "2022.06.29"]
[WhiteClock "0:00:13"]
[BlackClock "0:00:34"]

1. c4 c5 2. g3 Nc6 3. Bg2 g6 4. Nf3 Bg7 5. O-O e6 6. Nc3 Nge7 7. d3 O-O 8. Rb1 d5 9. cxd5 exd5 10. a3 a5 11. Bf4 b6 12. Nb5 Bb7 13. Qd2 Rc8 14. Nd6 Rc7 15. Nxb7 Rxb7 16. Bh6 Re8 17. Bxg7 Kxg7 18. d4 c4 19. Ne5 b5 20. f4 f6 21. Nxc6 Nxc6 22. Rfe1 Rbe7 23. e3 b4 24. axb4 axb4 25. Ra1 Qd7 26. Ra6 f5 27. Qf2 Nxd4 28. Rd1 Qb5 29. Rd6 Ne6 30. R1xd5 Nc5 31. e4 Rc8 32. e5 c3 33. bxc3 bxc3 34. Qc2 Rec7 35. Qxc3 Qb1+ 36. Bf1 Kh6 37. g4 fxg4 38. Qe3 Qe4 39. Qg3 Qf5 40. Rf6 Qh5 41. f5 Ne4 42. Qe3+ Ng5 43. fxg6 hxg6 44. e6 Rc1 45. Rf7 R8c2 46. Rxg5 Qxh2# 0-1


[Site "https://www.chess.com"]

[Event "Titled Tuesday Blitz June 28 Late 2022"]
[White "Janaszak, Dawid"]
[Black "Xu, Yi"]
[WhiteFideId "1119206"]
[BlackFideId "8605564"]
[WhiteElo "2199"]
[BlackElo "2471"]
[Result "0-1"]
[Round "09"]
[TimeControl "180+1"]
[Date "2022.06.28"]
[WhiteClock "0:00:11"]
[BlackClock "0:00:39"]

1. e4 c5 2. Nc3 d6 3. f4 g6 4. Nf3 Bg7 5. Bc4 Nc6 6. O-O e6 7. d4 cxd4 8. Nb5 Nge7 9. Bb3 O-O 10. Nbxd4 a6 11. c3 b5 12. Be3 Na5 13. Qe1 Nxb3 14. axb3 Bb7 15. Qh4 Nc6 16. Qf2 e5 17. Ne2 f5 18. exf5 Rxf5 19. Rad1 Qe7 20. Ng3 Rff8 21. Qd2 exf4 22. Bxf4 Ne5 23. Nxe5 dxe5 24. Bg5 Qc5+ 25. Qe3 Qc6 26. Rd2 a5 27. Re1 a4 28. bxa4 bxa4 29. Bh6 Bxh6 30. Qxh6 Rad8 31. Ree2 a3 32. bxa3 Qb6+ 33. Qe3 Qxe3+ 34. Rxe3 Rxd2 0-1


[Site "https://www.chess.com"]

[Event "Titled Tuesday Blitz June 28 Late 2022"]
[White "Janturin, Artur"]
[Black "Samsonkin, Artiom"]
[WhiteFideId "4130022"]
[BlackFideId "13503111"]
[WhiteElo "2383"]
[BlackElo "2513"]
[Result "0-1"]
[Round "09"]
[TimeControl "180+1"]
[Date "2022.06.29"]
[WhiteClock "0:00:04"]
[BlackClock "0:00:11"]

1. b3 e5 2. Bb2 Nc6 3. e3 a6 4. Nf3 e4 5. Nd4 Nf6 6. d3 d5 7. Nxc6 bxc6 8. Nd2 Bd6 9. Be2 O-O 10. O-O exd3 11. cxd3 c5 12. Qc2 d4 13. e4 Bg4 14. Bxg4 Bxh2+ 15. Kxh2 Nxg4+ 16. Kg1 f5 17. Qxc5 fxe4 18. Qxd4 Qg5 19. Nxe4 Qh6 20. Qd5+ Kh8 21. Be5 Rad8 22. Qc5 Rf5 23. Bxg7+ Kxg7 24. Qxc7+ Rf7 25. Qg3 Qg6 26. f3 Ne3 27. Qxg6+ hxg6 28. Rfc1 Rxd3 29. Kf2 Nd5 30. Rd1 Nf4 31. Rxd3 Nxd3+ 32. Ke3 Nf4 33. Rc1 Nxg2+ 34. Kf2 Nf4 35. Ke3 Ng2+ 36. Kf2 Nh4 37. Rc3 Rd7 38. Kg3 Nf5+ 39. Kf4 Nd4 40. Rc5 Ne6+ 41. Ke5 Nxc5 42. Nxc5 Re7+ 43. Kd4 Re2 44. a4 Rf2 45. Ke3 Rb2 46. a5 Kf6 47. f4 Kf5 48. Kd4 Ra2 49. Kc4 Kxf4 50. b4 g5 51. Nxa6 g4 52. Nc5 g3 53. Nd3+ Ke3 54. Ne1 Re2 55. a6 Rxe1 56. b5 Rc1+ 57. Kd5 Ra1 58. b6 g2 59. a7 g1=Q 60. b7 Qg2+ 0-1


[Site "https://www.chess.com"]

[Event "Titled Tuesday Blitz June 28 Late 2022"]
[White "Kaganskiy, Gleb"]
[Black "Barria Zuniga, Daniel"]
[WhiteFideId "4132025"]
[BlackFideId "3400816"]
[WhiteElo "2165"]
[BlackElo "2414"]
[Result "0-1"]
[Round "09"]
[TimeControl "180+1"]
[Date "2022.06.29"]
[WhiteClock "0:00:02"]
[BlackClock "0:00:37"]

1. a3 g6 2. g3 Bg7 3. Bg2 d5 4. d4 e6 5. Nf3 Ne7 6. h4 h6 7. Nbd2 b6 8. c4 c5 9. dxc5 bxc5 10. cxd5 exd5 11. O-O O-O 12. Nb3 Qb6 13. Be3 d4 14. Bf4 Be6 15. Nfd2 Bd5 16. Rc1 Bxg2 17. Kxg2 Nd7 18. Nc4 Qe6 19. Bd6 Rfc8 20. Bxe7 Qxe7 21. Qd3 Rab8 22. Nba5 Nf6 23. Qf3 Ne4 24. Rfd1 Qe6 25. Rc2 g5 26. hxg5 hxg5 27. Rh1 g4 28. Qf4 Rb5 29. Rh4 f5 30. Rh5 Rf8 31. f3 Nf6 32. Rg5 Nd5 33. Qd6 Qxd6 34. Nxd6 Rxa5 35. Nxf5 Rxf5 36. Rxf5 Ne3+ 37. Kf2 Nxf5 38. fxg4 Ne3 39. Rd2 c4 0-1


[Site "https://www.chess.com"]

[Event "Titled Tuesday Blitz June 28 Late 2022"]
[White "Kamsky, Gata"]
[Black "Ladopoulos, Dimitrios"]
[WhiteFideId "2000024"]
[BlackFideId "4239580"]
[WhiteElo "2645"]
[BlackElo "2195"]
[Result "1-0"]
[Round "09"]
[TimeControl "180+1"]
[Date "2022.06.28"]
[WhiteClock "0:00:05"]
[BlackClock "0:00:02"]

1. d4 e6 2. Bf4 f5 3. e3 Nf6 4. Nf3 b6 5. Be2 Bb7 6. c4 Bb4+ 7. Nbd2 O-O 8. O-O Bxd2 9. Nxd2 d6 10. h3 Nbd7 11. Bh2 Qe8 12. f3 e5 13. d5 a5 14. Bd3 e4 15. fxe4 Nc5 16. Qc2 Nxd3 17. Qxd3 Nxe4 18. Nxe4 Qxe4 19. Qxe4 fxe4 20. Rxf8+ Rxf8 21. b3 a4 22. b4 Rd8 23. b5 Bc8 24. Kf2 Bd7 25. Ke2 Rf8 26. Rb1 Be8 27. Rb4 Bh5+ 28. Ke1 Ra8 29. a3 Kf7 30. Rb2 Ke7 31. Rf2 Rf8 32. Rxf8 Kxf8 33. Kd2 Ke7 34. g4 Bg6 35. Kc3 h5 36. Kb4 hxg4 37. hxg4 Be8 38. Bf4 Bd7 39. g5 Bg4 40. Kxa4 Be2 41. Kb4 g6 42. Bg3 Kd7 43. Be1 Bf1 44. a4 Be2 45. Kc3 Bf1 46. Kd4 Be2 47. a5 bxa5 48. Bxa5 Bd3 49. Kc3 Be2 50. Kb4 Bf1 51. c5 dxc5+ 52. Kxc5 Be2 53. Bc3 Bd3 54. Be5 Bb1 55. d6 cxd6+ 56. Bxd6 Bd3 57. Bf4 Kc8 58. Kc6 Bc4 59. b6 Ba6 60. Be5 Bb7+ 61. Kd6 Ba6 62. Ke6 Be2 63. Kf6 Bh5 64. Bd4 Kb7 65. Ke5 Bf3 66. Kf6 Bh5 67. Ke5 Bf3 68. Kd5 Bg2 69. Kd6 Bf3 70. Ke5 Bg2 71. Kf6 1-0


[Site "https://www.chess.com"]

[Event "Titled Tuesday Blitz June 28 Late 2022"]
[White "Kapitsyn, Mark"]
[Black "Fawole, John Oyeyemi"]
[WhiteFideId "4116240"]
[BlackFideId "8501319"]
[WhiteElo "2252"]
[BlackElo "2091"]
[Result "1-0"]
[Round "09"]
[TimeControl "180+1"]
[Date "2022.06.29"]
[WhiteClock "0:00:08"]
[BlackClock "0:00:06"]

1. e4 c5 2. c3 d6 3. d4 cxd4 4. cxd4 Nf6 5. Nc3 a6 6. Bd3 g6 7. Nge2 Bg7 8. f3 O-O 9. Be3 Nc6 10. O-O e5 11. d5 Ne7 12. Qd2 Ne8 13. a4 b6 14. Rfc1 f5 15. Na2 f4 16. Bf2 Bd7 17. Nb4 b5 18. Nc6 Bxc6 19. dxc6 Rb8 20. axb5 axb5 21. Ra7 Nc7 22. Qa5 Rc8 23. Bb6 d5 24. Rxc7 dxe4 25. Bxe4 Rxc7 26. Bxc7 Qe8 27. Bd6 Bf6 28. Qxb5 Rf7 29. Bxe7 Rxe7 30. c7 Qc8 31. Qd5+ Kg7 32. Qd6 Re6 33. Qxe6 Qxe6 34. c8=Q Qb6+ 35. Qc5 Qxb2 36. Qc2 Qb6+ 37. Qc5 Qb2 38. Rc2 Qa1+ 39. Nc1 Qa6 40. Bd3 Qa1 41. Qc3 Qa7+ 42. Qc5 Qa1 43. Bb5 Kh6 44. Bd3 e4 45. Qf8+ Bg7 46. Qxf4+ g5 47. Rc6+ 1-0


[Site "https://www.chess.com"]

[Event "Titled Tuesday Blitz June 28 Late 2022"]
[White "Khan, Taffin"]
[Black "Yurasova, Daria"]
[WhiteFideId "19700024"]
[BlackFideId "34146919"]
[WhiteElo "2031"]
[BlackElo "2021"]
[Result "1-0"]
[Round "09"]
[TimeControl "180+1"]
[Date "2022.06.29"]
[WhiteClock "0:00:24"]
[BlackClock "0:00:12"]

1. e4 e5 2. Bc4 Nc6 3. Nc3 Nf6 4. d3 Bc5 5. f4 d6 6. Nf3 a6 7. Qe2 Qe7 8. Be3 Bxe3 9. Qxe3 Be6 10. Bxe6 Qxe6 11. O-O O-O 12. f5 Qd7 13. h3 Rfe8 14. g4 d5 15. Qe2 dxe4 16. Nxe4 Nxe4 17. dxe4 Nd4 18. Qf2 Nxf3+ 19. Qxf3 Qd4+ 20. Kh1 Qxb2 21. Rae1 Qxa2 22. g5 Rad8 23. Re2 Qc4 24. Rg2 g6 25. h4 Rd4 26. Rg4 Red8 27. h5 Qxf1+ 28. Qxf1 Rd1 29. Qxd1 Rxd1+ 30. Kg2 gxh5 31. Rh4 f6 32. gxf6 Kf7 33. Rxh5 Kxf6 34. Rxh7 Rd2+ 35. Kf3 Rxc2 36. Rh6+ Kg7 37. Re6 Rc5 38. Kg4 a5 39. Kg5 a4 40. f6+ Kf7 41. Re7+ Kf8 42. Kg6 Rc1 43. Rh7 Rg1+ 44. Kf5 a3 45. Ke6 Rg8 46. Rxc7 1-0


[Site "https://www.chess.com"]

[Event "Titled Tuesday Blitz June 28 Late 2022"]
[White "Kim, Sergey"]
[Black "Mickiewicz, Piotr"]
[WhiteFideId "13700570"]
[BlackFideId "1114891"]
[WhiteElo "2597"]
[BlackElo "2209"]
[Result "0-1"]
[Round "09"]
[TimeControl "180+1"]
[Date "2022.06.28"]
[WhiteClock "0:00:02"]
[BlackClock "0:00:17"]

1. d4 Nf6 2. c4 g6 3. Nc3 Bg7 4. e4 d6 5. Nge2 O-O 6. Ng3 c5 7. d5 e6 8. Be2 exd5 9. cxd5 a6 10. a4 Nbd7 11. O-O Re8 12. Bf4 Ne5 13. Qd2 Qa5 14. Bh6 Qb4 15. Bxg7 Kxg7 16. Kh1 Nc4 17. Bxc4 Qxc4 18. f4 Qd4 19. Qc2 Ng4 20. Qe2 Qe3 21. Qc2 Qd4 22. Rf3 Ne3 23. Qe2 Nf5 24. Rd1 Qb4 25. Nxf5+ Bxf5 26. Re3 Bd7 27. e5 Qxf4 28. Rf1 Qd4 29. e6 fxe6 30. dxe6 Bc6 31. Rf7+ Kg8 32. Rh3 Qe5 33. Qxe5 dxe5 34. Rfxh7 Rad8 35. Kg1 Rd2 36. e7 Rxg2+ 37. Kf1 Rxb2 38. R3h6 e4 39. Ke1 e3 40. Ne2 Bf3 41. Rh8+ Kf7 42. R6h7+ Ke6 43. Rxe8 Rxe2+ 44. Kd1 Rd2+ 45. Kc1 Rd1+ 46. Kc2 Rd2+ 47. Kc3 Rd7 48. Rf8 Rxe7 49. Rxf3 Rxh7 50. Rxe3+ Kd5 51. Rd3+ Kc6 52. Rg3 Rxh2 53. Rxg6+ Kd5 54. Rg5+ Kc6 55. Rg6+ Kc7 56. Rg7+ Kb6 57. Kc4 Rh4+ 58. Kb3 Rb4+ 59. Ka3 Rd4 60. Rg6+ Ka5 61. Rg7 Rd3+ 62. Kb2 b5 63. axb5 axb5 64. Rc7 c4 65. Kc2 Kb4 66. Rg7 Rc3+ 67. Kb2 Rb3+ 68. Kc2 Rf3 69. Kb2 Rf2+ 70. Kc1 c3 71. Rc7 Kb3 0-1


[Site "https://www.chess.com"]

[Event "Titled Tuesday Blitz June 28 Late 2022"]
[White "Korchmar, Vasiliy"]
[Black "Lauridsen, Jesper Morch"]
[WhiteFideId "24131750"]
[BlackFideId "1401890"]
[WhiteElo "2370"]
[BlackElo "2249"]
[Result "1-0"]
[Round "09"]
[TimeControl "180+1"]
[Date "2022.06.29"]
[WhiteClock "0:00:19"]
[BlackClock "0:00:02"]

1. e4 c5 2. Nf3 e6 3. d4 cxd4 4. Nxd4 Nc6 5. Nc3 Qc7 6. g3 a6 7. Bg2 Nf6 8. O-O Nxd4 9. Qxd4 Bc5 10. Bf4 d6 11. Qd3 h6 12. Na4 e5 13. Nxc5 exf4 14. Nb3 fxg3 15. hxg3 Be6 16. Rfd1 Rd8 17. e5 dxe5 18. Qxd8+ Qxd8 19. Rxd8+ Kxd8 20. Bxb7 h5 21. Bxa6 h4 22. Bb7 hxg3 23. fxg3 Kc7 24. Bg2 Nh5 25. Kf2 Rh6 26. a4 Rf6+ 27. Ke1 Nxg3 28. a5 Bxb3 29. a6 Bd5 30. Ra3 Bxg2 31. Rxg3 Bd5 32. c4 Ba8 33. Rxg7 Kb6 34. b4 Kxa6 35. Kd2 e4 36. Rg5 Rf2+ 37. Ke3 Rf3+ 38. Kd4 Rd3+ 39. Kc5 e3 40. Re5 Bf3 41. Re7 Bb7 42. b5+ Ka7 43. Kb4 Rd1 44. c5 Rb1+ 45. Ka5 Ra1+ 46. Kb4 Rb1+ 47. Kc4 Rc1+ 48. Kd4 Rd1+ 49. Kc3 e2 50. Rxe2 Rd5 51. Kc4 Rf5 52. Re7 Rf4+ 53. Kc3 Rf3+ 54. Kb4 Rf4+ 55. Ka5 Rf5 56. c6 Ka8 57. Rxb7 f6 58. Kb6 Re5 59. Ra7+ Kb8 60. c7+ Kc8 61. Ra8+ 1-0


[Site "https://www.chess.com"]